 Dungeon Crawl Stone Soup version 0.29-a0-284-gf9362112df (webtiles) character file.

Game seed: 10631283758280125555

54628 deng the Severer (level 14, -15/122 HPs)
             Began as a Minotaur Fighter on Mar 15, 2022.
             Was a High Priest of Qazlal.
             Killed from afar by an acid blob (26 damage)
             ... with a splash of acid
             ... on level 6 of the Lair of Beasts.
             The game lasted 00:47:37 (24197 turns).

deng the Severer (Minotaur Fighter)                Turns: 24197, Time: 00:47:38

Health: -15/122    AC: 17    Str: 25    XL:     14   Next: 35%
Magic:  24/24      EV: 15    Int:  5    God:    Qazlal [*****.]
Gold:   995        SH: 14    Dex: 11    Spells: 13/13 levels left

rFire   . . .      SeeInvis .   a - +0 war axe
rCold   . . .      Faith    .   T - +2 buckler
rNeg    . . .      Spirit   .   n - +0 chain mail
rPois   .          Reflect  .   S - +1 hat
rElec   .          Harm     .   p - +0 cloak
rCorr   .          Rampage  .   O - +0 pair of gloves
Will    ++...                   j - +0 pair of boots
Stlth   ..........              (no amulet)
HPRegen 0.30/turn               h - ring of willpower
MPRegen 0.19/turn               A - +4 ring of evasion

@: repel missiles
A: horns 2, retaliatory headbutt
a: Renounce Religion, Upheaval, Elemental Force, Disaster Area


You were on level 6 of the Lair of Beasts.
You worshipped Qazlal.
Qazlal was extremely pleased with you.
You visited 2 branches of the dungeon, and saw 16 of its levels.

You collected 1028 gold pieces.
You spent 33 gold pieces at shops.

Inventory:

Hand Weapons
 a - a +0 war axe (weapon)
 b - a +2 demon whip of venom
 d - a +0 flail
 w - a +2 halberd of flaming
Missiles
 i - 3 silver javelins
 k - a throwing net
 s - 34 poisoned darts
 E - 2 javelins
 J - 21 boomerangs (quivered)
Armour
 j - a +0 pair of boots (worn)
 n - a +0 chain mail (worn)
 p - a +0 cloak (worn)
 O - a +0 pair of gloves (worn)
 S - a +1 hat (worn)
 T - a +2 buckler (worn)
Jewellery
 c - a ring of willpower
 h - a ring of willpower (left hand)
 m - a ring of ice
 q - a ring of see invisible
 v - a +6 ring of dexterity
 A - a +4 ring of evasion (right hand)
 G - a ring of resist corrosion
 W - a ring of positive energy
Wands
 t - a wand of flame (32)
 I - a wand of iceblast (16)
 M - a wand of mindburst (13)
 N - a wand of charming (3)
 P - a wand of digging (7)
 Z - a wand of paralysis (3)
Scrolls
 e - 3 scrolls of identify
 g - 6 scrolls of teleportation
 l - 2 scrolls of torment
 o - 4 scrolls of noise
 r - a scroll of enchant armour {unknown}
 x - 5 scrolls of magic mapping
 y - a scroll of acquirement
 B - 3 scrolls of fear
 C - 2 scrolls of amnesia
 D - 2 scrolls of immolation
 K - 2 scrolls of enchant weapon
 Q - a scroll of brand weapon {unknown}
 U - a scroll of vulnerability
 Y - 2 scrolls of fog {unknown}
Potions
 f - 2 potions of curing
 u - a potion of ambrosia
 z - 3 potions of haste
 F - 3 potions of magic
 H - a potion of attraction
 L - a potion of invisibility
 R - a potion of lignification {unknown}
 V - a potion of resistance {unknown}
 X - a potion of mutation {unknown}


   Skills:
 + Level 10.4 Fighting
 - Level 16.0 Axes
 + Level 10.3 Armour
 + Level 8.4 Dodging
 + Level 7.6 Shields
 + Level 15.1 Invocations
 + Level 4.7 Evocations


You had 13 spell levels left.
You didn't know any spells.
Your spell library contained the following spells:

 Spells                   Type           Power      Damage    Failure   Level
 Slow                     Hex            0%         N/A       97%         1
 Confusing Touch          Hex            0%         N/A       100%        3
 Dazzling Flash           Conj/Hex       0%         N/A       100%        3
 Gell's Gravitas          Tloc           0%         N/A       100%        3
 Ignite Poison            Fire/Tmut/Pois 0%         N/A       100%        3
 Lesser Beckoning         Tloc           0%         N/A       100%        3
 Mephitic Cloud           Conj/Pois/Air  0%         N/A       100%        3
 Teleport Other           Tloc           0%         N/A       100%        3
 Vampiric Draining        Necr           0%         2d6       100%        3
 Fulminant Prism          Conj/Hex       0%         3d6       100%        4
 Iskenderun's Mystic Bla  Conj/Tloc      0%         2d3       100%        4
 Freezing Cloud           Conj/Ice/Air   0%         6-21      100%        5
 Lee's Rapid Deconstruct  Erth           0%         3d5*      100%        5
 Yara's Violent Unravell  Hex/Tmut       0%         3d3       100%        5
 Starburst                Conj/Fire      0%         6d3       100%        6
 Enfeeble                 Hex            0%         N/A       100%        7


Dungeon Overview and Level Annotations

Branches:
Dungeon (10/15)            Temple (0/1) D:4            Lair (6/6) D:8
 Shoals (0/4) Lair:3        Snake (0/4) Lair:4        Slime (0/5) Lair:6
    Orc (0/2) D:10

Altars:
Fedhas
Qazlal
Vehumet
Jiyva

Shops:
D:7 *

Annotations:
D:6 3 runed translucent doors, epen's ghost, novice GnHu
D:8 3 runed translucent doors, manifold's ghost, novice GrEE; manifold's ghost, novice TrWr
Lair:4 3 runed translucent doors, exclusion: 3 doors, manifold's ghost, journeyman TrFi
Lair:6 1 exclusion


Innate Abilities, Weirdness & Mutations

You have a pair of horns on your head.
You reflexively headbutt those who attack you in melee.


Message History

The stunning burst hits the rockslime.
The rockslime resists.
Your earth elemental hits the rockslime but does no damage.
Your air elemental fires a burst of electricity at the rockslime.
The stunning burst hits the rockslime!
The rockslime resists.
Your water elemental hits the rockslime.
The rockslime hits your air elemental!
Your air elemental holds its ground!
Your water elemental hits the rockslime.
Your air elemental fires a burst of electricity at the rockslime.
The stunning burst hits the rockslime but does no damage.
Your air elemental hits the rockslime.
The rockslime hits your air elemental.
Your air elemental holds its ground!
Your water elemental hits the rockslime. x2
Your air elemental hits the rockslime but does no damage.
Your air elemental fires a burst of electricity at the rockslime.
The stunning burst hits the rockslime but does no damage.
The rockslime closely misses your air elemental.
Your earth elemental hits the rockslime but does no damage.
Your water elemental hits the rockslime!
The rockslime dies!
Qazlal accepts your kill.
Your earth elemental disappears in a puff of smoke!
Your earth elemental disappears in a puff of smoke!
Your air elemental disappears in a puff of smoke!
Your earth elemental disappears in a puff of smoke!
Your water elemental disappears in a puff of smoke!
Your water elemental disappears in a puff of smoke!
Your earth elemental disappears in a puff of smoke!
An acid blob is nearby!
Your protection from physical attacks is fading.
You feel less protected from physical attacks.
You hear a roar!
The acid blob spits acid at you. You block the splash of acid.
The acid blob spits acid at you. The splash of acid hits you!!
* * * LOW HITPOINT WARNING * * *
You hear a roar!
The acid blob spits acid at you. The splash of acid hits you!!
You die...

≈,* ##.....# #####P.............
,,* #...J####.#...P........###.
≈** ##....###...............#...
≈♣♣ #......##...................
≈≈♣♣##........§○.................
♣≈..##.....°.....................
..........°^.○..§............P.##
............#..○○.....#.......##.
.P##.........#○§@.☼.#..........##
.....P...........##....#...##....
..............☼...#.P...PP.#.....
#..#...#....##....##......##....#
.#..#.......###....#......#,,..##
...........P..##...##....##,,,##.
...............##...#....#,,,**,.
..........P.....##..##..##,,**,,.
.................##..#..#,,**,,,.


You could see an acid blob.

Vanquished Creatures
  A rockslime (Lair:6)
  A great orb of eyes (Lair:6)
  7 hydras
  A catoblepas (Lair:6)
  A death yak (Lair:4)
  Amaemon (Lair:1)
  A wolf spider (Lair:6)
  An oklob plant (Lair:3)
  Maurice (D:9)
  A merfolk siren (Lair:3)
  16 black mambas
  13 elephants
  2 torpor snails
  An orange demon (Lair:2)
  16 cane toads
  Maggie (D:9)
  4 rime drakes
  17 komodo dragons
  3 merfolk (Lair:2)
  A troll (D:10)
  3 polar bears
  2 hornets
  2 blink frogs
  A dream sheep (Lair:5)
  9 wyverns
  48 yaks
  A shadow (D:10)
  2 redbacks (Lair:6)
  7 basilisks
  Grum (Lair:1)
  3 steam dragons
  3 wargs (D:8)
  An acid dragon (D:10)
  34 water moccasins
  A swamp drake (Lair:6)
  5 black bears
  2 orc warriors
  3 ice beasts (D:7)
  23 wolves
  A phantom (D:5)
  2 kobold brigands
  10 bullfrogs
  4 necrophages (D:7)
  3 scorpions
  6 wights
  5 killer bees (D:8)
  4 howler monkeys
  An electric eel (D:9)
  A centaur zombie (D:7)
  8 hounds
  A lava snake (D:9)
  5 jellies
  5 orc priests
  A gnoll shaman (D:7)
  4 iguanas
  8 orc wizards
  A mummy (D:7)
  5 adders
  5 gnolls (D:7)
  2 white imps
  4 worms
  4 dart slugs
  28 orcs
  7 bats
  20 endoplasms
  3 giant cockroaches (D:1)
  6 goblins
  9 hobgoblins
  2 jackals (D:2)
  3 quokkas
  5 ball pythons
  A frilled lizard (D:3)
  10 kobolds
  2 rats
427 creatures vanquished.

Vanquished Creatures (collateral kills)
  A rockslime (Lair:6)
  A hydra (D:8)
  A two-headed ogre (D:9)
  A guardian serpent (Lair:5)
  A komodo dragon (Lair:5)
5 creatures vanquished.

Vanquished Creatures (others)
  40 fungi
  85 plants
  A withered plant (D:7)
126 creatures vanquished.

Grand Total: 558 creatures vanquished

Notes
Turn   | Place    | Note
-------+----------+-------------------------------------------
     0 | D:1      | deng the Minotaur Fighter began the quest for the Orb.
     0 | D:1      | Reached XP level 1. HP: 19/19 MP: 0/0
   158 | D:1      | Reached XP level 2. HP: 27/27 MP: 1/1
   370 | D:1      | Reached skill level 3 in Axes
   830 | D:1      | Found a faded altar of an unknown god.
  1181 | D:2      | Reached XP level 3. HP: 33/33 MP: 2/2
  1354 | D:2      | Reached skill level 4 in Axes
  2412 | D:3      | Reached XP level 4. HP: 40/40 MP: 3/3
  2415 | D:3      | Found a stormy altar of Qazlal.
  2423 | D:3      | Became a worshipper of Qazlal Stormbringer
  2690 | D:3      | Reached skill level 5 in Axes
  3089 | D:4      | Noticed a scorpion
  3100 | D:4      | Killed a scorpion
  3101 | D:4      | Reached skill level 1 in Invocations
  3101 | D:4      | Reached XP level 5. HP: 25/46 MP: 3/5
  3421 | D:4      | Reached skill level 6 in Axes
  3968 | D:4      | Found a staircase to the Ecumenical Temple.
  4031 | D:5      | Entered Level 5 of the Dungeon
  4044 | D:5      | Reached XP level 6. HP: 49/52 MP: 6/6
  4072 | D:5      | Reached * piety under Qazlal
  4073 | D:5      | Reached skill level 7 in Axes
  4160 | D:5      | Reached skill level 8 in Axes
  4160 | D:5      | Reached XP level 7. HP: 58/58 MP: 8/8
  4858 | D:6      | Found a blossoming altar of Fedhas.
  4947 | D:6      | Found a runed translucent gate.
  4948 | D:6      | Found a runed translucent gate.
  4948 | D:6      | Noticed epen's ghost (novice GnHu)
  4949 | D:6      | Found a runed translucent gate.
  5011 | D:6      | Reached skill level 9 in Axes
  5199 | D:6      | Reached XP level 8. HP: 55/66 MP: 10/10
  5640 | D:7      | Reached skill level 10 in Axes
  5640 | D:7      | Reached skill level 5 in Invocations
  5805 | D:7      | Reached ** piety under Qazlal
  5915 | D:7      | Reached skill level 11 in Axes
  6073 | D:7      | Reached XP level 9. HP: 52/71 MP: 13/13
  6361 | D:7      | Found a radiant altar of Vehumet.
  6404 | D:7      | Found Pesich's General Store.
  6415 | D:7      | Bought a scroll of teleportation for 33 gold pieces
  6756 | D:8      | Reached skill level 1 in Dodging
  7418 | D:8      | Found a runed translucent gate.
  7419 | D:8      | Found a runed translucent gate.
  7430 | D:8      | Found a runed translucent gate.
  7431 | D:8      | Noticed manifold's ghost (novice TrWr)
  7432 | D:8      | Noticed manifold's ghost (novice GrEE)
  7520 | D:8      | Reached skill level 12 in Axes
  7524 | D:8      | Reached skill level 5 in Fighting
  7524 | D:8      | Reached skill level 5 in Armour
  7526 | D:8      | Identified the +0 leather armour of Deiblux {+Inv rN+
                  | Int-4}
  7555 | D:8      | Reached *** piety under Qazlal
  7873 | D:8      | Found a staircase to the Lair.
  8179 | D:9      | Reached XP level 10. HP: 36/83 MP: 13/15
  8980 | D:9      | Noticed a two-headed ogre
  8992 | D:9      | Killed a two-headed ogre
  9057 | D:9      | Noticed Maggie
  9068 | D:9      | Killed Maggie
  9069 | D:9      | Reached skill level 5 in Dodging
  9165 | D:9      | Noticed Maurice
  9194 | D:9      | Killed Maurice
  9227 | D:9      | Identified a scroll of acquirement
  9545 | D:10     | Entered Level 10 of the Dungeon
  9582 | D:10     | Reached skill level 13 in Axes
  9917 | D:10     | Reached XP level 11. HP: 76/92 MP: 16/16
 10000 | D:10     | Found a staircase to the Orcish Mines.
 10565 | Lair:1   | Entered Level 1 of the Lair of Beasts
 10567 | Lair:1   | Noticed a four-headed hydra
 10585 | D:8      | Killed a five-headed hydra
 11048 | Lair:1   | Noticed Grum
 11058 | Lair:1   | Killed Grum
 11498 | Lair:1   | Reached skill level 10 in Invocations
 11677 | Lair:1   | Reached skill level 14 in Axes
 12534 | Lair:2   | Reached **** piety under Qazlal
 12813 | Lair:2   | Reached skill level 15 in Axes
 12823 | Lair:2   | Reached XP level 12. HP: 58/101 MP: 19/19
 13103 | Lair:2   | Noticed Amaemon
 13446 | Lair:1   | Killed Amaemon
 14733 | Lair:2   | Reached skill level 16 in Axes
 14842 | Lair:3   | Noticed a six-headed hydra
 14857 | Lair:2   | Killed a six-headed hydra
 15059 | Lair:3   | Noticed a five-headed hydra
 15264 | Lair:3   | Killed a five-headed hydra
 15471 | Lair:3   | Found a staircase to the Shoals.
 16848 | Lair:4   | Noticed a five-headed hydra
 16855 | Lair:4   | Noticed a four-headed hydra
 16865 | Lair:3   | Killed a five-headed hydra
 17069 | Lair:4   | Killed a four-headed hydra
 17070 | Lair:4   | Reached XP level 13. HP: 93/107 MP: 22/22
 17455 | Lair:3   | Reached skill level 1 in Evocations
 17796 | Lair:4   | Found a staircase to the Snake Pit.
 17818 | Lair:4   | Found a runed translucent gate.
 17818 | Lair:4   | Found a runed translucent gate.
 17818 | Lair:4   | Found a runed translucent gate.
 17819 | Lair:4   | Noticed an azure jelly
 17819 | Lair:4   | Noticed an acid blob
 17879 | Lair:4   | Noticed a quicksilver ooze
 17879 | Lair:4   | Noticed an azure jelly
 17879 | Lair:4   | Noticed an acid blob
 17880 | Lair:4   | Noticed an azure jelly
 17880 | Lair:4   | Noticed an acid blob
 17880 | Lair:4   | Noticed manifold's ghost (journeyman TrFi)
 17880 | Lair:4   | Noticed an azure jelly
 17880 | Lair:4   | Noticed an azure jelly
 17881 | Lair:4   | Noticed an acid blob
 17881 | Lair:4   | Noticed an azure jelly
 17881 | Lair:4   | Noticed an azure jelly
 18354 | Lair:4   | Noticed an azure jelly
 18520 | Lair:4   | Reached ***** piety under Qazlal
 18850 | Lair:4   | Found a viscous altar of Jiyva.
 19117 | Lair:5   | Reached skill level 5 in Shields
 20581 | Lair:5   | Paralysed by a hornet for 1 turns
 21358 | Lair:6   | Entered Level 6 of the Lair of Beasts
 22280 | Lair:6   | Reached XP level 14. HP: 95/119 MP: 24/24
 22757 | Lair:6   | Reached skill level 15 in Invocations
 22762 | Lair:6   | Reached skill level 10 in Fighting
 22771 | Lair:6   | Reached skill level 10 in Armour
 23156 | Lair:5   | HP: 6/121 [komodo dragon (24)]
 23530 | Lair:6   | Found a staircase to the Slime Pits.
 23531 | Lair:6   | Found a viscous altar of Jiyva.
 23599 | Lair:6   | Noticed an acid blob
 23605 | Lair:6   | Noticed a rockslime
 23934 | Lair:6   | Noticed a rockslime
 23953 | Lair:6   | Killed a rockslime
 24163 | Lair:6   | Killed a rockslime
 24197 | Lair:6   | Killed from afar by an acid blob

Illustrated notes

Levels and vault maps discovered:
D:1:      dpeg_arrival_castle, layout_loops_corners,
          shapermc_ecumenical_altar_pompeii
D:2:      layout_loops_ring
D:3:      layout_basic, mainiacjoe_overflow_six_doors_small
D:4:      layout_gridville, minmay_temple_entry_offerings, wad_orctagon
D:5:      layout_basic, kennysheep_generic_room_11
D:6:      layout_loops_ring, fedhas_altar_fruit_tree,
          gammafunk_ghost_nasty_kobolds, minmay_crystal_water
D:7:      layout_basic, lemuel_crystal_altar, serial_undead, serial_undead_e,
          serial_undead_a, serial_undead_b, serial_undead_a, serial_undead_a,
          serial_undead_c, serial_shops, shop_fountains, hangedman_decor_lopped,
          grunt_decor_mini_mirrors
D:8:      layout_loops_ring, erik_lair_orcish_takeover, gammafunk_ghost_cemetery
D:9:      layout_irregular_city, nicolae_lava_and_water,
          minmay_tree_intersection, minivault_16, chequers_serial_rivers_room_a,
          uniq_maggie, uniq_maurice
D:10:     layout_basic
Lair:1:   layout_roguey, uniq_grum
Lair:2:   layout_gridlike, serial_bayou_pond_e, grunt_megastairs_5,
          lemuel_fruit_tree, serial_bayou_shore_b, infiniplex_staircase_pool_2,
          uniq_amaemon
Lair:3:   minmay_lair_oklob_chamber, layout_regular_city,
          elwin_shoals_entry_stream, guppyfry_lair_drakes
Lair:4:   layout_cave_pods, minmay_snake_entry_six_corridors,
          gammafunk_ghost_ooze, st_stairs_9
Lair:5:   nzn_winding_woodlands_stair_cross [nzn_winding_woodlands_5x15_jagged,
          nzn_winding_woodlands_center_garden,
          nzn_winding_woodlands_5x15_lazy_stream,
          nzn_winding_woodlands_hourglass, nzn_winding_woodlands_5x5_default,
          nzn_winding_woodlands_5x15_default,
          nzn_winding_woodlands_center_lodge,
          nzn_winding_woodlands_5x15_longhouse], layout_gridlike
Lair:6:   guppyfry_lair_end_dragon, layout_gridlike,
          hangedman_lair_tendril_chambers, slime_altar_1, special_room
          [special_room_jelly], st_stairs_11

Skill      XL: |  1  2  3  4  5  6  7  8  9 10 11 12 13 14 |
---------------+-------------------------------------------+-----
Axes           | 3 4 5 6 8 9 11 12 13 15 16 | 16.0
Invocations    | 1 2 3 4 6 8 9 11 14 15 | 15.1
Armour         | 5 7 8 9 10 | 10.3
Fighting       | 5 7 8 9 10 | 10.4
Dodging        | 3 5 6 7 8 |  8.4
Shields        | 4 6 7 |  7.6
Evocations     | 4 |  4.7

Action                   |  1- 3 |  4- 6 |  7- 9 | 10-12 | 13-15 || total
-------------------------+-------+-------+-------+-------+-------++-------
Melee: War axe           |    95 |    93 |   254 |   520 |   567 ||  1529
       Headbutt          |     8 |    11 |    34 |   129 |   149 ||   331
       Flail             |       |       |       |     3 |       ||     3
       Demon whip        |       |       |       |    25 |    10 ||    35
Throw: Javelin           |       |     3 |       |       |       ||     3
       Dart              |       |       |       |    10 |       ||    10
       Boomerang         |       |       |       |    11 |       ||    11
Invok: Upheaval          |       |       |     1 |     1 |       ||     2
       Elemental Force   |       |       |       |     2 |     2 ||     4
Evoke: Wand              |       |       |       |     2 |     2 ||     4
  Use: Scroll            |     2 |     3 |     3 |     6 |    11 ||    25
       Potion            |       |       |     1 |     4 |     2 ||     7
 Stab: Paralysed         |       |       |       |       |     9 ||     9
Armor: Scale mail        |    25 |       |       |       |       ||    25
       Chain mail        |    19 |    41 |   106 |   179 |   176 ||   521
Dodge: Dodged            |    44 |    33 |   126 |   237 |   274 ||   714
       Repelled          |       |       |       |       |     2 ||     2
Block: Buckler           |    23 |    23 |    93 |   236 |   388 ||   763

Table legend: (Time is in decaauts)
 A = Elapsed time spent in this place.
 B = Non-inter-level travel time spent in this place.
 C = Inter-level travel time spent in this place.
 D = Time resting spent in this place.
 E = Time spent auto-exploring this place.
 F = Levels seen in this place.
 G = Mean time per level.
                   A        B        C        D        E       F      G
               +--------+--------+--------+--------+--------+-----+--------+
         Total |  24058 |  22937 |   1121 |   5262 |  14493 |  16 | 1503.6 |
       Dungeon |  10831 |  10311 |    520 |    401 |   8455 |  10 | 1083.1 |
          Lair |  13227 |  12626 |    601 |   4861 |   6037 |   6 | 2204.5 |
               +--------+--------+--------+--------+--------+-----+--------+

Top non-repeatable levels by time:
  Lair:5: 3152 daAuts
  Lair:2: 2331 daAuts
  Lair:4: 2218 daAuts
  Lair:1: 2178 daAuts
  Lair:3: 2071 daAuts
     D:8: 1835 daAuts
     D:9: 1288 daAuts
  Lair:6: 1273 daAuts
     D:7: 1143 daAuts
     D:1: 1131 daAuts
     D:2: 1027 daAuts
     D:4: 977 daAuts
     D:3: 951 daAuts
    D:10: 875 daAuts
     D:6: 855 daAuts
